 Dungeon Crawl Stone Soup version 0.17-a0-1741-gd5e8965 (webtiles) character file.

401 Krapule the Covered (level 6, 0/56 HPs)
             Began as a Minotaur Fighter on Aug 31, 2015.
             Killed from afar by an orc wizard (5 damage)
             ... with a magic dart
             ... on level 5 of the Dungeon.
             The game lasted 00:06:52 (2809 turns).

Krapule the Covered (Minotaur Fighter)              Turns: 2809, Time: 00:06:53

Health: 0/56       AC:  7    Str: 21    XL:     6   Next: 54%
Magic:  0/5        EV:  9    Int:  5    God:
Gold:   214        SH: 11    Dex: 11    Spells: 0 memorised, 5 levels left

rFire  . . .     SeeInvis .     a - +1 long sword
rCold  . . .     Clarity  .     b - +0 scale mail
rNeg   . . .     SustAt   .     c - +1 shield
rPois  .         Gourm    .     (helmet restricted)
rElec  .         Spirit   +     (no cloak)
rCorr  .         Warding  .     (no gloves)
rMut   .         Stasis   .     (no boots)
MR     .....                    u - amulet of guardian spirit
Stlth  ..........               (no ring)
                                (no ring)

@: not resistant to hostile enchantments, extremely unstealthy
A: retaliatory headbutt, horns 2
a: no special abilities


You were on level 5 of the Dungeon.
You were not hungry.

You visited 1 branch of the dungeon, and saw 5 of its levels.

You collected 214 gold pieces.

Inventory:

Hand weapons
 a - a +1 long sword (weapon)
Armour
 b - a +0 scale mail (worn)
 c - a +1 shield (worn)
Jewellery
 u - an amulet of guardian spirit (around neck)
Scrolls
 g - 3 scrolls of identify
 m - a scroll of amnesia
 p - a scroll of fear
 r - a scroll of remove curse {unknown}
 v - a scroll of magic mapping
Potions
 d - a potion of might
 f - a potion of agility {unknown}
 h - 3 potions of curing
 i - a potion of flight {unknown}
 l - 2 potions of invisibility {unknown}
 o - a potion of cure mutation {unknown}
 q - a potion of magic {unknown}
 t - a potion of haste {unknown}
Comestibles
 e - 4 bread rations
 j - a beef jerky
 k - a slice of pizza
 n - 4 fruits
 s - a royal jelly


   Skills:
 + Level 5.2 Fighting
 - Level 3.0 Long Blades
 + Level 5.5 Armour
 + Level 2.9 Dodging
 + Level 5.5 Shields


You had 5 spell levels left.
You didn't know any spells.

Dungeon Overview and Level Annotations

Branches:
Dungeon (5/15)
 Temple: D:4-7

Altars:
Gozag
The Shining One


Innate Abilities, Weirdness & Mutations

You reflexively headbutt those who attack you in melee.
You have a pair of horns on your head.


Message History

You headbutt the orc wizard!
You kill the orc wizard!
An orc comes into view. It is wielding a whip.
The orc shouts!
The orc wizard closely misses you. You furiously retaliate!
You headbutt the orc wizard.
Found a meat ration.
Your shield and scale mail prevent you from hitting the orc.
Your headbutt misses the orc.
The orc is heavily wounded.
The orc wizard closely misses you. You furiously retaliate!
You headbutt the orc wizard! The ogre hits you with a giant club!
* * * LOW HITPOINT WARNING * * *
You block the orc's attack. You block the orc wizard's attack.
You block the orc's attack.
The orc wizard hits you with an enchanted dagger.
* * * LOW HITPOINT WARNING * * *
The orc wizard points at you and mumbles some strange words.
The magic dart hits you!
You die...

.# .. ..# ....
##.##.....
....#.....
.....#.... ..
.......... ...
###......... ....
#.o.........
....##@#.........
#.#....#Oo.......
#......o.........
#.......##.....#.
#.......)..#...#
#......#####....%#
#..%... .....
##....# #....
##... .##.


You could see an orc wizard and an orc.

Vanquished Creatures
  2 ogres
  An orc wizard (D:5)
  A hound (D:3)
  Jessica (D:2)
  4 gnolls
  5 adders
  An adder zombie (D:5)
  A worm (D:2)
  An adder skeleton (D:4)
  A giant gecko (D:4)
  2 orcs (D:4)
  2 ball pythons
  5 giant cockroaches
  3 goblins
  4 hobgoblins
  6 jackals
  10 kobolds
  6 bats
  5 giant newts
  A quokka (D:3)
  5 rats
67 creatures vanquished.

Notes
Turn   | Place    | Note
--------------------------------------------------------------
     0 | D:1      | Krapule the Minotaur Fighter began the quest for the Orb.
     0 | D:1      | Reached XP level 1. HP: 19/19 MP: 0/0
   378 | D:1      | Reached XP level 2. HP: 26/26 MP: 1/1
   477 | D:1      | Reached skill level 4 in Armour
   910 | D:2      | Reached XP level 3. HP: 30/33 MP: 2/2
   982 | D:2      | Reached skill level 1 in Dodging
  1036 | D:2      | Found a glowing golden altar of the Shining One.
  1036 | D:2      | Found an opulent altar of Gozag.
  1169 | D:2      | Noticed Jessica
  1176 | D:2      | Killed Jessica
  1176 | D:2      | Reached XP level 4. HP: 36/40 MP: 3/3
  2196 | D:4      | Noticed an ogre
  2255 | D:3      | Killed an ogre
  2255 | D:3      | Reached skill level 5 in Armour
  2255 | D:3      | Reached XP level 5. HP: 35/47 MP: 4/4
  2261 | D:3      | Reached skill level 5 in Shields
  2279 | D:3      | Reached skill level 5 in Fighting
  2493 | D:4      | Reached XP level 6. HP: 25/56 MP: 2/5
  2759 | D:4      | Noticed an ogre
  2770 | D:4      | Killed an ogre
  2792 | D:5      | Entered Level 5 of the Dungeon
  2809 | D:5      | Killed from afar by an orc wizard

Vault maps used:
D:1:      roderic_dead_forest
D:2:      gammafunk_temple_overflow_wave, serial_forest,
          infiniplex_forest_clump_small, infiniplex_forest_3_way,
          infiniplex_forest_clump_curved, infiniplex_forest_clump_tiny,
          infiniplex_forest_clump_long, infiniplex_forest_lined_2,
          infiniplex_forest_lined_4_way, infiniplex_forest_lined_2, uniq_jessica
D:3:      first_bread, minivault_5
D:4:      uniq_menkaure
D:5:      lemuel_round_altar, st_stairs_5

Action                   |  1- 3 |  4- 6 || total
-------------------------+-------+-------++-------
Melee: Long sword        |    71 |    97 ||   168
  Use: Scroll            |       |     8 ||     8
       Potion            |       |     2 ||     2
  Eat: Chunk             |     1 |     5 ||     6
